 Dungeon Crawl Stone Soup version 0.26-a0-812-g31a745ddcd (webtiles) character file.

Game seed: 8099952803841445671

858 Morbidden the Grave Robber (level 7, -2/52 HPs)
             Began as a Demonspawn Necromancer on Nov 14, 2020.
             Slain by an orc wizard
             ... wielding a +1 dagger of electrocution
              (8 damage)
             ... on level 5 of the Dungeon.
             The game lasted 00:12:27 (4578 turns).

Morbidden the Grave Robber (Demonspawn Necromancer) Turns: 4578, Time: 00:12:28

Health: -2/52      AC: 12    Str:  9    XL:     7   Next: 71%
Magic:  0/13       EV: 12    Int: 18    God:
Gold:   168        SH:  0    Dex: 13    Spells: 7/15 levels left

rFire    . . .     SeeInvis .   u - +2 dire flail (drain)
rCold    + . .     Faith    .   (shield currently unavailable)
rNeg     . . .     Spirit   +   o - +1 leather armour
rPois    .         Reflect  .   (helmet restricted)
rElec    .         Harm     .   c - +2 cloak
rCorr    .         Rampage  .   (no gloves)
MR       .....                  e - +0 pair of boots
Stlth    ++........             l - amulet of guardian spirit
HPRegen  0.17/turn              b - +4 ring of protection
MPRegen  0.13/turn              (no ring)

@: mighty, brilliant, flying
A: horns 2, cold resistance 1, demonic guardian 1, freezing cloud immunity
a: no special abilities


You were on level 5 of the Dungeon.
You visited 1 branch of the dungeon, and saw 4 of its levels.
You also visited: Sewer.

You collected 168 gold pieces.

Inventory:

Hand Weapons
 u - a +2 dire flail of draining (weapon)
Missiles
 k - 4 boomerangs
 m - 24 poisoned darts (quivered)
 r - 3 javelins
Armour
 a - a +0 robe
 c - a +2 cloak (worn)
 e - a +0 pair of boots (worn)
 o - a +1 leather armour (worn)
 t - a +1 robe of magic resistance
Jewellery
 b - a +4 ring of protection (left hand)
 l - an amulet of guardian spirit (around neck)
Wands
 s - a wand of flame (17)
Scrolls
 g - 5 scrolls of identify
 h - a scroll of enchant armour
 j - a scroll of enchant weapon {unknown}
 n - a scroll of blinking {unknown}
 q - a scroll of amnesia {unknown}
Potions
 i - a potion of might
 p - a potion of haste
 w - a potion of flight


   Skills:
 * Level 3.4 Fighting
 + Level 0.5 Maces & Flails
 + Level 1.5 Throwing
 + Level 0.6 Armour
 + Level 2.7 Dodging
 + Level 1.9 Stealth
 + Level 1.0 Unarmed Combat
 * Level 4.6 Spellcasting
 * Level 7.0 Necromancy


You had 7 spell levels left.
You knew the following spells:

 Your Spells              Type           Power        Failure   Level
a - Pain                  Necr           ####         1%          1
b - Vampiric Draining     Necr           #####.....   3%          3
c - Animate Dead          Necr           #####.....   11%         4

Your spell library contained the following spells:

 Spells                   Type           Power        Failure   Level
 Animate Skeleton         Necr           #####.       1%          1
 Agony                    Necr           #####...     28%         5


Dungeon Overview and Level Annotations

Branches:
Dungeon (5/15)              Sewer (visited)
 Temple: D:4-7

Altars:
Wu Jian
Xom


Innate Abilities, Weirdness & Mutations

You have a pair of horns on your head.
Your flesh is cold resistant. (rC+)
A weak demonic guardian rushes to your aid.
You are immune to freezing clouds.


Message History

* * * LOW HITPOINT WARNING * * *
Something hits you but does no damage.
You feel better.
You hear some strange, mumbled words.
A magic dart appears from out of thin air!
The magic dart hits you but does no damage.
Unknown command.
Unknown command.
It was a potion of heal wounds.
You feel much better. Something hits you but does no damage.
You are electrocuted!
Something hits you but does no damage.
You are electrocuted!
* * * LOW HITPOINT WARNING * * *
Unknown command.
You hear some strange, mumbled words.
A puff of flame appears from out of thin air!
The puff of flame hits you!
* * * LOW HITPOINT WARNING * * *
You closely miss something. Your headbutt misses something.
Something hits you but does no damage.
You are electrocuted!
You die...

**,,***,,**,****,*
**,*,***,,**,****.#
*,***,,,,,,,,,,**.###
**,*,***,,**,*,,,...####***
**,,,,,,,**,**##.#.....,,*
*,,,,,,,**,,,........#*,*
*,***********#.##.##.#*,*
**,** #.##....#*,* **,,,*
*******#@##.##.#*,# *,,*,*
*,,,,,*#..o....##.# *,,,,*
*,,,,,*####o.o....# *,****
*,,,,,* ####.#### *,*
**,,,,,* #####.# *,**
*,,,,,,* #.o...# *,,*
*,**,*,* #o###### **,*
*,**,*,***#).....#* *,*
*,,,,,,,,*#{#..#..#*


You could see 3 orcs.

Vanquished Creatures
  Edmund (D:5)
  An ogre (D:5)
  A big kobold (Sewer)
  Blork the orc (D:4)
  A scorpion (D:5)
  A hound (D:5)
  An orc priest (D:5)
  A jelly (D:5)
  A centaur skeleton (D:4)
  An iguana (D:4)
  3 worker ants (D:4)
  An orc wizard (D:4)
  Robin (D:4)
  4 adders
  A gnoll (D:1)
  3 river rats (Sewer)
  A white imp (D:5)
  An ufetubus (D:5)
  An adder skeleton (D:4)
  2 worms (D:4)
  A dart slug (D:1)
  5 leopard geckos
  4 orcs (D:4)
  2 giant cockroaches
  9 goblins
  10 hobgoblins
  11 jackals
  2 quokkas
  2 ball pythons
  2 bats (D:1)
  A frilled lizard (D:5)
  7 kobolds
  8 rats
92 creatures vanquished.

Vanquished Creatures (collateral kills)
  An ice beast (D:5)
  A jelly (D:5)
  A hound skeleton (D:5)
  A kobold (Sewer)
  A quokka (D:5)
5 creatures vanquished.

Grand Total: 97 creatures vanquished

Notes
Turn   | Place    | Note
-------+----------+-------------------------------------------
     0 | D:1      | Morbidden the Demonspawn Necromancer began the quest for
                  | the Orb.
     0 | D:1      | Reached XP level 1. HP: 13/13 MP: 3/3
   271 | D:1      | Gained mutation: Your flesh is cold resistant. (rC+)
                  | [demonic ancestry]
   271 | D:1      | Reached XP level 2. HP: 13/20 MP: 0/5
   794 | D:1      | Reached skill level 5 in Necromancy
   916 | D:1      | Reached XP level 3. HP: 24/25 MP: 3/6
  1578 | D:2      | Learned a level 3 spell: Vampiric Draining
  1580 | D:2      | Reached skill level 1 in Fighting
  1671 | D:2      | You fall into a shaft and drop 2 floors!
  1707 | D:4      | Found a shimmering altar of Xom.
  1712 | D:4      | Noticed Blork the orc
  1777 | D:4      | Gained mutation: You have a pair of small horns on your
                  | head. [demonic ancestry]
  1777 | D:4      | Reached XP level 4. HP: 17/32 MP: 1/8
  1996 | D:4      | Gained mutation: You are immune to freezing clouds.
                  | [demonic ancestry]
  1996 | D:4      | Reached XP level 5. HP: 25/37 MP: 8/10
  2437 | D:4      | Noticed Robin
  2497 | D:4      | Reached skill level 6 in Necromancy
  2837 | D:4      | Killed Robin
  2944 | D:4      | Learned a level 4 spell: Animate Dead
  3125 | D:4      | Gained mutation: A weak demonic guardian rushes to your
                  | aid. [demonic ancestry]
  3125 | D:4      | Reached XP level 6. HP: 38/44 MP: 3/11
  3572 | D:4      | Killed Blork the orc
  3756 | D:5      | Entered Level 5 of the Dungeon
  3756 | D:5      | Noticed an ice beast
  3979 | D:5      | Killed an ice beast
  3979 | D:5      | Gained mutation: You have a pair of horns on your head.
                  | [demonic ancestry]
  3979 | D:5      | Reached XP level 7. HP: 51/51 MP: 13/13
  4001 | D:5      | Found an ornate altar of the Wu Jian Council.
  4013 | D:5      | Noticed Edmund
  4027 | D:5      | Killed Edmund
  4065 | D:5      | Found a glowing drain.
  4069 | Sewer    | Entered a sewer
  4080 | Sewer    | Reached skill level 1 in Unarmed Combat
  4261 | Sewer    | Reached skill level 7 in Necromancy
  4275 | Sewer    | Reached skill level 1 in Throwing
  4370 | Sewer    | Found a glowing silver altar of Zin.
  4578 | D:5      | Slain by an orc wizard

Illustrated notes

Levels and vault maps discovered:
D:1:      lemuel_arrival_lava_pool, layout_loops_cross
D:2:      layout_loops_cross, uniq_terence
D:4:      minmay_skewed_foursquare, layout_cave_pods, xom_teletrap_fun,
          uniq_blork_the_orc, uniq_robin
D:5:      layout_loops_cross, gup_sewer_entry_bowl, minmay_ruined_shrine,
          uniq_edmund

Skill      XL: |  1  2  3  4  5  6  7 |
---------------+----------------------+-----
Necromancy     | 5 6 7 |  7.0
Fighting       | 1 2 3 |  3.4
Spellcasting   | 3 4 |  4.6
Dodging        | 2 |  2.7
Unarmed Combat | 1 |  1.0
Throwing       | 1 |  1.5
Maces & Flails | |  0.5
Armour         | |  0.6
Stealth        | |  1.9

Action                   |  1- 3 |  4- 6 |  7- 9 || total
-------------------------+-------+-------+-------++-------
Melee: Unarmed           |    12 |    34 |     4 ||    50
       Flail             |       |     4 |       ||     4
       Headbutt          |       |     6 |     9 ||    15
       Dire flail        |       |       |    55 ||    55
Throw: Dart              |     5 |    82 |    16 ||   103
       Javelin           |       |     3 |       ||     3
 Cast: Pain              |    64 |    27 |     9 ||   100
       Vampiric Draining |       |    17 |     6 ||    23
Evoke: Wand              |       |     2 |       ||     2
  Use: Scroll            |     1 |     4 |       ||     5
       Potion            |       |       |     6 ||     6
Armor: Robe              |     5 |     6 |       ||    11
       Leather armour    |       |    27 |    29 ||    56
Dodge: Dodged            |    14 |    87 |    42 ||   143

Table legend: (Time is in decaauts)
 A = Elapsed time spent in this place.
 B = Non-inter-level travel time spent in this place.
 C = Inter-level travel time spent in this place.
 D = Time resting spent in this place.
 E = Time spent auto-exploring this place.
 F = Levels seen in this place.
 G = Mean time per level.
                   A        B        C        D        E       F      G
               +--------+--------+--------+--------+--------+-----+--------+
         Total |   4631 |   4524 |    107 |    494 |   2949 |   5 |  926.2 |
       Dungeon |   4251 |   4144 |    107 |    494 |   2647 |   4 | 1062.8 |
         Sewer |    380 |    380 |      0 |      0 |    302 |   1 |  380.0 |
               +--------+--------+--------+--------+--------+-----+--------+

Top non-repeatable levels by time:
     D:4: 2110 daAuts
     D:1: 1460 daAuts
     D:5: 469 daAuts
   Sewer: 380 daAuts
     D:2: 210 daAuts
